 Dungeon Sprint DCSS version 0.17-a0-1805-g6093636 (webtiles) character file.

139 nuthulu the Covered (level 5, 0/36 HPs)
             Began as a Gargoyle Fighter on Sept 12, 2015.
             Splashed by a jelly's acid (5 damage)
             ... in the Dungeon (Sprint III: "The Ten Rune Challenge").
             The game lasted 00:02:09 (568 turns).

nuthulu the Covered (Gargoyle Fighter)               Turns: 568, Time: 00:02:09

Health: 0/36       AC:  7    Str: 20    XL:     5   Next: 22%
Magic:  5/5        EV:  8    Int:  8    God:
Gold:   28         SH: 10    Dex: 10    Spells: 0 memorised, 4 levels left

rFire  . . .     SeeInvis .     a - +0 flail
rCold  . . .     Clarity  .     b - +0 scale mail
rNeg   + . .     SustAt   .     c - +0 shield
rPois  ∞         Gourm    .     (no helmet)
rElec  +         Spirit   .     (no cloak)
rCorr  .         Warding  .     (no gloves)
rMut   .         NoTele   +     (no boots)
MR     .....                    (no amulet)
Stlth  ..........               (no ring)
                                (no ring)

@: corroded equipment, flying, very slightly contaminated, hasted, very quick,
not resistant to hostile enchantments, extremely unstealthy
A: big wings, negative energy resistance 1, screaming 1, electricity resistance,
unbreathing, petrification resistance, rot immunity, AC +4
a: Stop Flying


You were in the Dungeon.
You were not hungry.

You visited 1 branch You collected 28 gold pieces.

Inventory:

Hand weapons
 a - a +0 flail (weapon)
Armour
 b - a +0 scale mail (worn)
 c - a +0 shield (worn)
Scrolls
 k - a scroll of blinking
 n - a scroll of torment {unknown}
 o - a scroll of fog {unknown}
 p - a scroll of remove curse
 s - a scroll of immolation {unknown}
 t - a scroll of fear {unknown}
Potions
 i - 2 potions of magic
 q - 2 potions of cure mutation
 v - a potion of flight {unknown}
Comestibles
 d - 2 chunks of flesh
 e - 3 bread rations
 u - a royal jelly


   Skills:
 + Level 6.2 Fighting
 + Level 5.3 Maces & Flails
 + Level 6.4 Armour
 + Level 6.3 Shields


You had 4 spell levels left.
You didn't know any spells.

Dungeon Overview and Level Annotations

Branches:
Dungeon (1/1)

Altars:
Kikubaaqudgha
Sif Muna
Vehumet


Innate Abilities, Weirdness & Mutations

You are resistant to torment.
Your stone body is resilient (AC +4).
You are immune to poison.
You resist negative energy.
You are resistant to electric shocks.
You can survive without breathing.
You are immune to petrification.
You are immune to rotting.
Your large and strong wings let you fly indefinitely.
You occasionally shout uncontrollably at your foes.


Message History

Deactivating autopickup; reactivate with Ctrl-A.
The shadow strikes at you from the darkness!
Ouch! That really hurt!
Reactivating autopickup.
Drink which item? (? for menu, Esc to quit)
You feel yourself speed up. You block the shadow's attack.
You are very lightly contaminated with residual magic.
Your shield and scale mail prevent you from hitting the shadow.
The shadow hits you.
* * * LOW HITPOINT WARNING * * *
You hit the shadow.
The shadow is lightly damaged.
You hit the shadow but do no damage.
The shadow is lightly damaged.
The shadow hits you.
* * * LOW HITPOINT WARNING * * *
The shadow closely misses you. The jelly hits you.
* * * LOW HITPOINT WARNING * * *
You are splashed with acid!
The acid corrodes you!
The acid burns!
You die...

▓ ▓▓▓ #### ##.#
...#####..#
....#..#..#
#...#..#..###+#+###+##
##..##'#..#......J...#
##..###...+.⌠...@W...#
#..####...#..:######'#
#..###....#.⌠)# #...#
...##.....#...# #...#
...#......#)### #...#
.##.#.....#...# #..%+
. ####....#___# +...#
▓ ▓▓▓▓▓▓▓▓▓▓ ▓▓▓▓▓


You could see a shadow and a jelly.

Vanquished Creatures
  A water elemental (D)
  A wizard (D)
  A human (D)
  A kobold demonologist (D)
  An ooze (D)
  A phantom (D)
  3 rats (D)
9 creatures vanquished.

Vanquished Creatures (others)
  2 draconian scorchers (D)
  A yaktaur (D)
  5 plants (D)
8 creatures vanquished.

Grand Total: 17 creatures vanquished

Notes
Turn   | Place    | Note
--------------------------------------------------------------
     0 | D        | nuthulu the Gargoyle Fighter began the quest for the Orb.
     0 | D        | Reached XP level 1. HP: 14/14 MP: 1/1
    50 | D        | Reached skill level 4 in Armour
    50 | D        | Reached XP level 2. HP: 20/20 MP: 2/2
    72 | D        | Reached XP level 3. HP: 13/24 MP: 3/3
    75 | D        | Killed a yaktaur
   226 | D        | Gained mutation: You are partially covered in rugged brown scales (AC +1, +3% HP). [potion of mutation]
   226 | D        | Gained mutation: Your spells are a little harder to cast, but a little more powerful. [potion of mutation]
   226 | D        | Gained mutation: You are dopey. (Int -2) [potion of mutation]
   227 | D        | Gained mutation: You have supernaturally acute eyesight. [potion of mutation]
   227 | D        | Lost mutation: Your spells are a little harder to cast, but a little more powerful. [potion of mutation]
   227 | D        | Gained mutation: You are frail (-10% HP). [potion of mutation]
   228 | D        | Lost mutation: You are dopey. (Int -2) [potion of cure mutation]
   228 | D        | Lost mutation: You are frail (-10% HP). [potion of cure mutation]
   228 | D        | Lost mutation: You have supernaturally acute eyesight. [potion of cure mutation]
   228 | D        | Lost mutation: You are partially covered in rugged brown scales (AC +1, +3% HP). [potion of cure mutation]
   229 | D        | Gained mutation: You occasionally shout uncontrollably at your foes. [potion of mutation]
   229 | D        | Gained mutation: Your large and strong wings let you fly indefinitely. [potion of mutation]
   245 | D        | Killed a white draconian scorcher
   273 | D        | Noticed a water elemental
   273 | D        | Killed a white draconian scorcher
   289 | D        | Killed a water elemental
   289 | D        | Reached skill level 5 in Fighting
   289 | D        | Reached skill level 5 in Armour
   289 | D        | Reached skill level 5 in Shields
   289 | D        | Reached XP level 4. HP: 22/31 MP: 4/4
   432 | D        | Found a radiant altar of Vehumet.
   433 | D        | Found a deep blue altar of Sif Muna.
   433 | D        | Found an ancient bone altar of Kikubaaqudgha.
   433 | D        | Noticed a wizard
   455 | D        | Reached skill level 5 in Maces & Flails
   455 | D        | Reached skill level 6 in Armour
   456 | D        | Killed a wizard
   456 | D        | Reached XP level 5. HP: 25/36 MP: 5/5
   553 | D        | Noticed a jelly
   554 | D        | Noticed a shadow
   568 | D        | Splashed by a jelly's acid

Vault maps used:
D:        dungeon_sprint_mu

Action                   |  1- 3 |  4- 6 || total
-------------------------+-------+-------++-------
Melee: Flail             |    22 |    23 ||    45
 Abil: Fly               |     1 |       ||     1
  Use: Potion            |     7 |     3 ||    10
       Scroll            |     2 |       ||     2
